 Dungeon Crawl Stone Soup version 0.29.1-12-g30fa7ad0bf (webtiles) character file.

Game seed: 15201778222869342023

77199 FexLirch the Bludgeoner (level 15, -1/132 HPs)
             Began as a Minotaur Fighter on Dec 16, 2022.
             Was a High Priest of Elyvilon.
             Slain by a demonic crawler (4 damage)
             ... on level 2 of the Spider Nest.
             The game lasted 00:50:38 (17450 turns).

FexLirch the Bludgeoner (Minotaur Fighter)         Turns: 17450, Time: 00:50:38

Health: -1/132     AC: 18    Str: 27 (33) XL:     15   Next: 14%
Magic:  21/21      EV: 14    Int:  3 (7)  God:    Elyvilon [*****.]
Gold:   1817       SH:  0    Dex: 11 (15) Spells: 12/14 levels left

rFire   + . .      SeeInvis .   L - +12 flail of Symmetry {freeze, rF+ Str+4 Stlth+}
rCold   . . .      Faith    .   c - +0 buckler
rNeg    . . .      Spirit   .   O - +1 scale mail {Will+}
rPois   +          Reflect  .   (helmet restricted)
rElec   .          Harm     .   G - +1 cloak
rCorr   .          Rampage  .   (no gloves)
Will    ++...                   p - +0 pair of boots
Stlth   ..........              l - amulet of regeneration
HPRegen 1.12/turn               w - +6 ring of dexterity
MPRegen 0.17/turn               Z - ring "Keivucosso" {rPois AC+4 Str+2}

@: confused
A: horns 2, retaliatory headbutt
a: Renounce Religion, Purification, Heal Other, Heal Self, Divine Vigour


You were on level 2 of the Spider Nest.
You worshipped Elyvilon.
Elyvilon was extremely pleased with you.
You visited 3 branches of the dungeon, and saw 21 of its levels.
You also visited: Sewer and Bailey.

You collected 2056 gold pieces.
You spent 239 gold pieces at shops.

Inventory:

Hand Weapons
 a - a +5 war axe of flaming
 L - the +12 flail of Symmetry (weapon) {freeze, rF+ Str+4 Stlth+}
   (You bought it in a shop on level 8 of the Dungeon)

   It freezes those it strikes, dealing additional cold damage.
   It can also slow down cold-blooded creatures.
   Str:       It affects your strength (+4).
   rF:        It protects you from fire.
   Stlth:     It makes you more stealthy.
 P - the +5 sling "Azevin" {venom, rF- rN+ Will+ Int+3}
   (You found it in a bailey)

   Any ammunition fired from it poisons the flesh of those it strikes.
   Int:       It affects your intelligence (+3).
   rF:        It makes you vulnerable to fire.
   rN:        It protects you from negative energy.
   Will:      It increases your willpower.
Armour
 c - a +0 buckler (worn)
 p - a +0 pair of boots (worn)
 r - a scarf of resistance
 G - a +1 cloak (worn)
 O - a +1 scale mail of willpower (worn)
 R - +0 acid dragon scales
Jewellery
 i - an amulet of reflection
 l - an amulet of regeneration (around neck)
 w - a +6 ring of dexterity (left hand)
 A - a ring of positive energy
 C - a ring of wizardry
 D - a ring of positive energy
 W - a ring of resist corrosion
 Y - a ring of ice
 Z - the ring "Keivucosso" (right hand) {rPois AC+4 Str+2}
   (You found it on level 5 of the Lair of Beasts)

   [ring of protection]

   AC:        It affects your AC (+4).
   Str:       It affects your strength (+2).
   rPois:     It protects you from poison.
Wands
 q - a wand of digging (3)
 v - a wand of quicksilver (9)
 B - a wand of polymorph (2)
 N - a wand of iceblast (20)
 T - a wand of mindburst (8)
 X - a wand of charming (17)
Scrolls
 f - 4 scrolls of blinking
 g - 4 scrolls of immolation
 j - 8 scrolls of teleportation
 k - 4 scrolls of fear
 m - 2 scrolls of butterflies
 o - 3 scrolls of enchant armour
 u - a scroll of amnesia {unknown}
 x - 5 scrolls of poison
 y - 3 scrolls of enchant weapon
 E - 3 scrolls of magic mapping
 F - a scroll of brand weapon
 Q - a scroll of noise
 S - 3 scrolls of silence
 U - 2 scrolls of torment {unknown}
 V - 2 scrolls of identify
Potions
 d - 7 potions of might
 e - a potion of lignification {unknown}
 h - 4 potions of mutation
 n - 8 potions of curing
 s - 4 potions of attraction
 t - a potion of brilliance
 z - 2 potions of cancellation {unknown}
 H - 3 potions of magic {unknown}
 I - 6 potions of flight {unknown}
 J - 4 potions of invisibility
 K - 2 potions of resistance {unknown}
 M - 2 potions of haste
Miscellaneous
 b - a box of beasts


   Skills:
 + Level 11.9 Fighting
 - Level 14.7(17.3) Axes
 * Level 15.2(17.6) Maces & Flails
 + Level 12.0 Armour
 + Level 10.4 Dodging
 + Level 11.8 Shields
 + Level 9.6 Invocations


You had 12 spell levels left.
You knew the following spells:

 Your Spells              Type           Power      Damage    Failure   Level
a - Blink                 Tloc           0%         N/A       90%         2

Your spell library contained the following spells:

 Spells                   Type           Power      Damage    Failure   Level
 Beastly Appendage        Tmut           0%         N/A       80%         1
 Wereblood                Tmut           0%         N/A       90%         2
 Conjure Flame            Conj/Fire      0%         6-21      99%         3
 Dazzling Flash           Conj/Hex       0%         N/A       99%         3
 Frozen Ramparts          Ice            0%         1d1       99%         3
 Ignite Poison            Fire/Tmut/Pois 0%         N/A       99%         3
 Inner Flame              Hex/Fire       0%         N/A       99%         3
 Lesser Beckoning         Tloc           0%         N/A       99%         3
 Spider Form              Tmut/Pois      0%         N/A       99%         3
 Stone Arrow              Conj/Erth      0%         3d7       99%         3
 Airstrike                Air            0%         2d(0-16)  100%        4
 Animate Armour           Summ/Erth      0%         N/A       100%        4
 Cause Fear               Hex            0%         N/A       100%        4
 Hailstorm                Conj/Ice       0%         3d3       100%        4
 Ice Form                 Ice/Tmut       0%         N/A       100%        4
 Sticky Flame             Conj/Fire      0%         2d3       100%        4
 Summon Ice Beast         Ice/Summ       0%         N/A       100%        4
 Summon Lightning Spire   Summ/Air       0%         N/A       100%        4
 Agony                    Necr           0%         N/A       100%        5
 Fireball                 Conj/Fire      0%         3d3       100%        5
 Iskenderun's Battlesphe  Conj           0%         2d6       100%        5
 Lightning Bolt           Conj/Air       0%         1d11      100%        5
 Manifold Assault         Tloc           0%         N/A       100%        5
 Silence                  Hex/Air        0%         N/A       100%        5
 Conjure Ball Lightning   Conj/Air       0%         3x3d6     100%        6
 Simulacrum               Ice/Necr       0%         N/A       100%        6
 Starburst                Conj/Fire      0%         6d3       100%        6
 Orb of Destruction       Conj           0%         9d5       100%        7
 Discord                  Hex            0%         N/A       100%        8
 Ignition                 Fire           0%         3d3       100%        8
 Lehudib's Crystal Spear  Conj/Erth      0%         10d2      100%        8


Dungeon Overview and Level Annotations

Branches:
Dungeon (14/15)            Temple (0/1) D:7            Lair (5/5) D:8
 Shoals (0/4) Lair:3       Spider (2/4) Lair:3        Slime (0/5) Lair:5
    Orc (0/2) D:11          Sewer (visited)          Bailey (visited)
 Vaults: D:13-14

Altars:
Cheibriados
Dithmenos
Elyvilon
Kikubaaqudgha
Makhleb
Nemelex Xobeh
Qazlal
Ru
Sif Muna
Vehumet
Wu Jian
Yredelemnul
Jiyva

Shops:
D:3 *   D:8 (   D:11 :   D:12 *

Portals:
Trove: D:10 (give 17 potions of curing)

Annotations:
D:8 exclusion: 3 electric eels


Innate Abilities, Weirdness & Mutations

You have a pair of horns on your head.
You reflexively headbutt those who attack you in melee.


Message History

The demonic crawler hits you but does no damage.
The demonic crawler hits you! The culicivora bites you!
The culicivora draws strength from your injuries!
Unknown command.
Unknown command.
You bump into the rock wall.
The demonic crawler hits you.
* * * LOW HITPOINT WARNING * * *
The demonic crawler hits you.
* * * LOW HITPOINT WARNING * * *
The demonic crawler misses you. The culicivora barely misses you.
The tarantella completely misses you.
Unknown command.
Unknown command.
You bludgeon the demonic crawler!! You freeze the demonic crawler.
Your headbutt misses the demonic crawler.
The demonic crawler is severely wounded.
The culicivora bites you!
* * * LOW HITPOINT WARNING * * *
The culicivora draws strength from your injuries!
The demonic crawler hits you but does no damage.
The demonic crawler barely misses you.
The demonic crawler hits you but does no damage.
The redback bites you but does no damage.
The tarantella misses you.
Unknown command.
You're too confused to move!
The culicivora bites you!!
* * * LOW HITPOINT WARNING * * *
The culicivora draws strength from your injuries!
The redback closely misses you. The demonic crawler hits you.
* * * LOW HITPOINT WARNING * * *
The demonic crawler misses you. The demonic crawler hits you.
* * * LOW HITPOINT WARNING * * *
The tarantella touches you but does no damage.
The culicivora closely misses you. The redback closely misses you.
A radroach comes into view.
The demonic crawler completely misses you.
The demonic crawler hits you.
* * * LOW HITPOINT WARNING * * *
The demonic crawler hits you.
You die...

........†....†...†.......
.....^.<.^.....#..........
...............##.........
................#......B..
......)........##.........
...........^..## ##.......
...............###^.......
...............##s?.......
...............#@ss......[
................ss#.......
..........................
..........................
..........................
##...............#........
##...........#..##.....?.
##...#..#...#...........
##.######..#....#^....


You could see a radroach, a demonic crawler, a culicivora, 2 tarantellas and a
redback.

Vanquished Creatures
  Jorgrun (Spider:1)
  Kirke (D:12)
  A ghost moth (Spider:2)
  Snorg (Lair:3)
  Josephine (D:13)
  A rakshasa (D:14)
  3 boulder beetles
  4 hydras
  Erolcha (D:9)
  A catoblepas (D:13)
  4 centaur warriors
  7 two-headed ogres
  Amaemon (D:8)
  Lodul (D:12)
  2 pharaoh ants
  2 sun moths (Spider:2)
  An orb spider (Spider:1)
  2 steelbarb worms
  A wizard (D:12)
  An orc knight (Bailey)
  2 wolf spiders (Spider:2)
  3 deep elf pyromancers
  Pikel (D:7)
  An ugly thing (D:9)
  A cyclops (D:13)
  2 manticores
  5 black mambas
  6 elephants (Lair:4)
  Joseph (D:9)
  An orange demon (D:8)
  19 cane toads
  An eye of devastation (Lair:5)
  Psyche (D:8)
  2 gargoyles
  A rime drake (Lair:1)
  Maggie (Lair:1)
  8 komodo dragons
  2 demonic crawlers
  An efreet (D:14)
  2 trolls
  A tengu conjurer (D:14)
  2 meliai (Spider:2)
  3 tyrant leeches (Lair:5)
  2 polar bears
  22 blink frogs
  A slime creature (D:9)
  5 tarantellas
  12 dream sheep (Lair:4)
  7 jumping spiders
  3 vampires
  6 culicivoras
  A human (D:10)
  26 yaks
  4 wyverns
  6 wraiths
  7 hogs
  A water elemental (D:12)
  An unseen horror simulacrum (D:8)
  3 basilisks
  17 redbacks
  3 steam dragons
  5 vampire mosquitoes (Lair:5)
  Edmund (D:4)
  2 acid dragons
  A floating eye (Lair:5)
  11 water moccasins
  6 orc warriors
  A sky beast (D:8)
  2 ice beasts
  2 black bears
  14 ogres
  28 wolves
  8 centaurs
  3 lemures (D:7)
  2 kobold brigands
  Blork the orc (D:4)
  2 necrophages
  A gnoll sergeant (D:6)
  11 bullfrogs
  2 scorpions
  2 killer bees
  3 electric eels
  4 lava snakes (D:10)
  2 howler monkeys
  A wyvern simulacrum (D:8)
  3 jellies
  3 hounds (D:5)
  3 orc priests
  Crazy Yiuf (D:4)
  3 iguanas
  A gnoll bouda (D:7)
  Terence (D:3)
  5 orc wizards
  A hell rat (Sewer)
  2 centaur simulacra (D:8)
  2 killer bee simulacra (D:8)
  5 gnolls (D:7)
  2 river rats (Sewer)
  5 adders
  A shadow imp (D:8)
  6 white imps
  4 ufetubi
  9 worms
  4 dart slugs
  33 orcs
  4 ball pythons
  7 endoplasms
  3 giant cockroaches
  9 goblins
  3 hobgoblins
  5 jackals
  3 quokkas
  13 bats
  6 frilled lizards
  14 kobolds
  15 rats
522 creatures vanquished.

Vanquished Creatures (others)
  A centaur warrior (D:14)
  A jumping spider (Lair:3)
  An orc priest (D:11)
  An orc wizard (D:11)
  2 orcs (D:11)
  A kobold (D:6)
  5 fungi
  68 plants
80 creatures vanquished.

Grand Total: 602 creatures vanquished

Notes
Turn   | Place    | Note
-------+----------+-------------------------------------------
     0 | D:1      | FexLirch the Minotaur Fighter began the quest for the Orb.
     0 | D:1      | Reached XP level 1. HP: 19/19 MP: 0/0
   320 | D:1      | Reached XP level 2. HP: 19/26 MP: 1/1
   803 | D:1      | Reached XP level 3. HP: 31/31 MP: 2/2
  1409 | D:2      | Reached skill level 5 in Axes
  1413 | D:2      | Found a faded altar of an unknown god.
  1422 | D:2      | Reached XP level 4. HP: 15/39 MP: 3/3
  1905 | D:2      | Prayed at the altar of an unknown god.
  1905 | D:2      | Became a worshipper of Elyvilon the Healer
  1905 | D:2      | Reached * piety under Elyvilon
  1947 | D:2      | You fall into a shaft and drop 1 floor!
  1949 | D:3      | Found Hicuix's Assorted Antiques.
  1983 | D:3      | Found a radiant altar of Vehumet.
  1983 | D:3      | Found a white marble altar of Elyvilon.
  2177 | D:3      | Reached ** piety under Elyvilon
  2293 | D:3      | Noticed Terence
  2301 | D:3      | Killed Terence
  2305 | D:3      | Found a shadowy altar of Dithmenos.
  2559 | D:4      | Found a runed translucent door.
  2560 | D:4      | Noticed Crazy Yiuf
  2759 | D:4      | Reached XP level 5. HP: 41/45 MP: 4/4
  2803 | D:4      | Noticed an ogre
  2820 | D:5      | Entered Level 5 of the Dungeon
  2820 | D:5      | Noticed an ogre
  2826 | D:5      | Killed an ogre
  2949 | D:6      | Found a shimmering blue altar of Sif Muna.
  3012 | D:6      | Reached *** piety under Elyvilon
  3047 | D:6      | Found a stormy altar of Qazlal.
  3057 | D:6      | Reached XP level 6. HP: 51/51 MP: 5/5
  3057 | D:6      | Noticed a two-headed ogre
  3215 | D:6      | Noticed a water moccasin
  3224 | D:6      | Killed a water moccasin
  3233 | D:6      | Reached XP level 7. HP: 20/57 MP: 6/6
  3239 | D:6      | Reached skill level 10 in Axes
  3239 | D:6      | Found a sacrificial altar of Ru.
  3264 | D:6      | Found a glowing drain.
  3275 | Sewer    | Entered a sewer
  3705 | D:6      | Reached XP level 8. HP: 29/64 MP: 3/7
  4025 | D:7      | Noticed Pikel
  4728 | D:5      | Found an ornate altar of the Wu Jian Council.
  4751 | D:5      | Reached **** piety under Elyvilon
  4900 | D:4      | Found a burning altar of Makhleb.
  4900 | D:4      | Noticed a balrug
  4903 | D:4      | Noticed an orange demon
  4931 | D:4      | Noticed Edmund
  4932 | D:4      | Noticed Blork the orc
  4942 | D:4      | Killed Edmund
  4943 | D:4      | Reached XP level 9. HP: 34/70 MP: 5/8
  4949 | D:4      | Killed Blork the orc
  5131 | D:4      | Found an ancient bone altar of Kikubaaqudgha.
  5306 | D:4      | Killed Crazy Yiuf
  5485 | D:7      | Killed Pikel
  5486 | D:7      | Reached skill level 1 in Dodging
  5486 | D:7      | Reached skill level 1 in Invocations
  5628 | D:8      | Noticed a polar bear
  5631 | D:8      | Pacified a polar bear
  5639 | D:8      | Found a flagged portal.
  5689 | D:8      | Found Noann's Antique Weapon Emporium.
  5696 | D:8      | Bought a translucent flail for 195 gold pieces
  5696 | D:8      | Identified the +12 flail of Symmetry {freeze, rF+ Str+4
                  | Stlth+} (You bought it in a shop on level 8 of the Dungeon)
  5803 | D:8      | Found a snail-covered altar of Cheibriados.
  5935 | D:8      | Found a staircase to the Lair.
  5956 | D:8      | Reached skill level 1 in Maces & Flails
  5962 | Bailey   | Entered a bailey
  6046 | Bailey   | Noticed an orc knight
  6049 | Bailey   | Reached skill level 2 in Maces & Flails
  6078 | Bailey   | Killed an orc knight
  6079 | Bailey   | Reached skill level 5 in Fighting
  6079 | Bailey   | Reached skill level 3 in Maces & Flails
  6079 | Bailey   | Reached skill level 5 in Armour
  6079 | Bailey   | Reached skill level 5 in Shields
  6096 | Bailey   | Reached XP level 10. HP: 38/81 MP: 9/11
  6148 | Bailey   | Found a large runed translucent door.
  6148 | Bailey   | Found a large runed translucent door.
  6171 | Bailey   | Noticed a deep elf pyromancer
  6201 | Bailey   | Killed a deep elf pyromancer
  6224 | Bailey   | Identified the +5 sling "Azevin" {venom, rF- rN+ Will+
                  | Int+3}
  6321 | D:8      | Reached skill level 4 in Maces & Flails
  6517 | D:7      | Found a staircase to the Ecumenical Temple.
  6577 | D:7      | Killed a two-headed ogre
  6578 | D:7      | Reached skill level 5 in Maces & Flails
  6613 | D:7      | Identified the +4 dagger of the Volcano {flame, Str+2
                  | Dex+9}
  6934 | D:8      | Found a basalt altar of Yredelemnul.
  6950 | D:8      | Noticed Amaemon
  6950 | D:8      | Noticed an orange demon
  6960 | D:8      | Killed Amaemon
  6965 | D:8      | Killed an orange demon
  6966 | D:8      | Reached skill level 6 in Maces & Flails
  7040 | D:8      | Found a sparkling altar of Nemelex Xobeh.
  7369 | D:9      | Noticed Psyche
  7444 | D:8      | Killed Psyche
  7498 | D:9      | Reached XP level 11. HP: 73/91 MP: 10/13
  7535 | D:9      | Noticed Erolcha
  7544 | D:9      | Killed Erolcha
  7615 | D:9      | Reached skill level 5 in Dodging
  7863 | D:9      | Noticed Joseph
  7869 | D:9      | Killed Joseph
  7870 | D:9      | Reached skill level 7 in Maces & Flails
  8003 | D:9      | Noticed a centaur warrior
  8009 | D:9      | Killed a centaur warrior
  8041 | D:9      | Noticed a centaur warrior
  8041 | D:9      | Noticed a white ugly thing
  8044 | D:9      | Killed a centaur warrior
  8045 | D:9      | Reached skill level 5 in Invocations
  8053 | D:9      | Killed a white ugly thing
  8090 | D:9      | Noticed a five-headed hydra
  8090 | D:9      | Noticed a deep elf pyromancer
  8107 | D:10     | Entered Level 10 of the Dungeon
  8220 | D:10     | Noticed a two-headed ogre
  8227 | D:10     | Killed a two-headed ogre
  8228 | D:10     | Reached skill level 8 in Maces & Flails
  8269 | D:10     | Noticed a two-headed ogre
  8281 | D:10     | Killed a two-headed ogre
  8603 | D:10     | Found a portal to a secret trove of treasure.
  8751 | D:10     | Reached ***** piety under Elyvilon
  8940 | D:11     | Noticed a boulder beetle
  8982 | D:11     | Found Otun's Book Shop.
  8989 | D:11     | Learned a level 2 spell: Blink
  8997 | D:11     | Found a staircase to the Orcish Mines.
  9109 | D:11     | Reached skill level 9 in Maces & Flails
  9139 | D:11     | Pacified a boulder beetle
  9410 | D:11     | Reached XP level 12. HP: 84/101 MP: 15/15
  9601 | D:12     | Noticed Kirke
  9762 | D:12     | Noticed a two-headed ogre
  9764 | D:12     | Noticed a boulder beetle
  9766 | D:12     | Killed a two-headed ogre
  9767 | D:12     | Pacified a boulder beetle
  9819 | D:12     | Noticed a two-headed ogre
  9826 | D:12     | Killed a two-headed ogre
  9863 | D:12     | Reached skill level 10 in Maces & Flails
  9912 | D:12     | Noticed a two-headed ogre
  9929 | D:12     | Killed a two-headed ogre
 10133 | D:12     | Noticed Lodul
 10446 | D:12     | Killed Kirke
 10498 | D:12     | Found Haasas Lelli's General Store.
 10506 | D:12     | Bought a scroll of identify for 22 gold pieces
 10506 | D:12     | Bought a scroll of identify for 22 gold pieces
 10844 | D:12     | Killed Lodul
 10845 | D:12     | Reached skill level 11 in Maces & Flails
 10995 | D:13     | Noticed a catoblepas
 11002 | D:13     | Killed a catoblepas
 11058 | D:13     | Noticed Josephine
 11070 | D:13     | Killed Josephine
 11117 | D:13     | Noticed a centaur warrior
 11130 | D:13     | Killed a centaur warrior
 11132 | D:13     | Reached XP level 13. HP: 45/111 MP: 14/17
 12017 | Lair:1   | Entered Level 1 of the Lair of Beasts
 12112 | Lair:1   | Reached skill level 12 in Maces & Flails
 12165 | Lair:1   | Noticed Maggie
 12177 | Lair:1   | Killed Maggie
 12493 | Lair:1   | Reached skill level 10 in Fighting
 12592 | Lair:1   | Reached skill level 10 in Armour
 13136 | Lair:2   | Reached skill level 10 in Shields
 13510 | Lair:3   | Noticed Snorg
 13518 | Lair:3   | Killed Snorg
 13621 | Lair:3   | Reached ****** piety under Elyvilon
 13658 | Lair:3   | Found a staircase to the Shoals.
 13775 | Lair:3   | Found a hole to the Spider Nest.
 13816 | Lair:3   | Reached skill level 13 in Maces & Flails
 14771 | Lair:4   | Reached XP level 14. HP: 97/122 MP: 19/19
 15198 | Lair:5   | Entered Level 5 of the Lair of Beasts
 15470 | Lair:5   | Reached skill level 14 in Maces & Flails
 15710 | Lair:5   | Found a staircase to the Slime Pits.
 15712 | Lair:5   | Found a viscous altar of Jiyva.
 15988 | Lair:5   | Identified the ring "Keivucosso" {rPois AC+4 Str+2}
 16406 | Spider:1 | Entered Level 1 of the Spider Nest
 16501 | Spider:1 | Noticed Jorgrun
 16515 | Spider:1 | Killed Jorgrun
 16516 | Spider:1 | Reached skill level 10 in Dodging
 16895 | Spider:1 | You fall into a shaft and drop 1 floor!
 16916 | Spider:2 | HP: 5/156 [disintegration (28)]
 16922 | Spider:2 | Elyvilon protects you from harm!
 17060 | Spider:2 | Reached skill level 15 in Maces & Flails
 17060 | Spider:2 | Reached XP level 15. HP: 115/132 MP: 21/21
 17141 | Spider:2 | HP: 6/132 [something (5)]
 17450 | Spider:2 | HP: 6/132 [demonic crawler (1)]
 17450 | Spider:2 | Slain by a demonic crawler

Illustrated notes

Levels and vault maps discovered:
D:1:      dpeg_arrival_arbitrary_c, layout_basic, serial_park_tiny_pond
D:2:      layout_basic, hellmonk_ecumenical_altar_dog_temple
D:3:      layout_rooms, marbit_many_paths,
          chequers_temple_overflow_statue_of_worship, serial_shops,
          nicolae_shop_trees, item_on_display_a, uniq_terence
D:4:      layout_basic, makhleb_altar_promises_db,
          nicolae_kikubaaqudgha_miasma_corner, uniq_blork_the_orc, uniq_edmund,
          uniq_crazy_yiuf_cottage
D:5:      layout_loops_ring, nzn_wu_jian_council_hall, nicolae_wormholes
D:6:      layout_loops_corners, old_standard_altar, cheibrodos_sewer_entry_bend,
          hangedman_feature_mirror, hangedman_decor_points,
          minmay_misc_feat_enclosed
D:7:      layout_basic, lemuel_temple_firewalk_a, roderic_serpentine_path,
          uniq_pikel
D:8:      layout_gridville, mainiacjoe_overflow_alcove_2,
          nicolae_overflow_hidden_temple, nemelex_spade_bored_becter,
          lair_entry_dummy, enter_bailey_8, serial_ice, serial_ice_b,
          serial_ice_o, serial_ice_a, serial_ice_k, serial_shops, shop,
          uniq_amaemon
D:9:      minmay_sliced_demisemicircle, layout_small_grid, uniq_psyche,
          uniq_grum, uniq_joseph, uniq_erolcha
D:10:     layout_basic, nicolae_trove_entry_free_sample, kennysheep_boxes
D:11:     layout_big_octagon, erik_orc_4, serial_shops, shop_statue
D:12:     layout_basic, serial_shops,
          nicolae_shop_temple_entry_statues_fountains, uniq_kirke, uniq_lodul
D:13:     layout_loops_ring, uniq_josephine
D:14:     layout_roguey [special_room_mythical_zoo], david_vaults_5,
          chequers_serial_rivers_large_a
Lair:1:   layout_chaotic_city, uniq_maggie
Lair:2:   layout_cave_pods, nicolae_lair_grove_arrangements
Lair:3:   layout_long_grid, minmay_shoals_entry_lonely_mermaid,
          nicolae_spider_entry_tight_spaces, uniq_snorg
Lair:4:   layout_long_grid, roderic_batcave, serial_bayou_shore_a,
          lemuel_fruit_tree
Lair:5:   minmay_lair_end_frog_pond, layout_long_grid, minmay_slime_entry_eyes
Spider:1: layout_spider_delve, hangedman_spider_tarantella_strand, uniq_jorgrun
Spider:2: layout_spider_delve

Skill      XL: |  1  2  3  4  5  6  7  8  9 10 11 12 13 14 15 |
---------------+----------------------------------------------+-----
Axes           | 3 4 5 6 7 9 11 14 | 14.7
Fighting       | 5 6 8 9 10 11 | 11.9
Armour         | 5 6 8 9 10 11 12 | 12.0
Dodging        | 3 4 6 7 9 10 | 10.4
Shields        | 5 6 7 9 10 11 | 11.8
Invocations    | 2 4 5 7 8 9 |  9.6
Maces & Flails | 3 6 9 11 13 15 | 15.2

Action                   |  1- 3 |  4- 6 |  7- 9 | 10-12 | 13-15 || total
-------------------------+-------+-------+-------+-------+-------++-------
Melee: War axe           |    87 |    88 |   225 |    16 |   243 ||   659
       Headbutt          |     7 |     9 |    41 |    68 |   140 ||   265
       Flail             |       |       |    26 |   330 |   376 ||   732
       Unarmed           |       |       |       |    39 |       ||    39
 Fire: Sling             |       |       |       |     8 |    17 ||    25
Invok: Heal Self         |       |       |     4 |     3 |     7 ||    14
       Heal Other        |       |       |    10 |    11 |    13 ||    34
       Divine Vigour     |       |       |       |       |     1 ||     1
Evoke: Wand              |       |       |     1 |       |       ||     1
  Use: Scroll            |       |     5 |     3 |    10 |     8 ||    26
       Potion            |       |     1 |     2 |     1 |    12 ||    16
 Stab: Distracted        |       |       |       |     1 |       ||     1
Armor: Scale mail        |    39 |    33 |    82 |   113 |   269 ||   536
Dodge: Dodged            |    55 |    49 |    85 |   208 |   392 ||   789
Block: Buckler           |    14 |    20 |    52 |    93 |   183 ||   362
